 Dungeon Crawl Stone Soup version 0.28.0 (webtiles) character file.

Game seed: 17780007232076610078

6326 tilp the Severer (level 10, 0/88 HPs)
             Began as a Minotaur Berserker on Feb 12, 2022.
             Was an Elder of Trog.
             Slain by Erica (10 damage)
             ... on level 9 of the Dungeon.
             The game lasted 00:11:49 (11070 turns).

tilp the Severer (Minotaur Berserker)              Turns: 11070, Time: 00:11:49

Health: 0/88       AC: 16    Str: 26    XL:     10   Next: 64%
Magic:  0/3        EV: 15    Int:  4    God:    Trog [****..]
Gold:   568        SH:  0    Dex: 10    Spells: 9/9 levels left

rFire   . . .      SeeInvis .   a - +1 battleaxe (antimagic)
rCold   + . .      Faith    .   (shield currently unavailable)
rNeg    . . .      Spirit   +   E - +3 scale mail
rPois   .          Reflect  .   (helmet restricted)
rElec   .          Harm     .   (no cloak)
rCorr   .          Rampage  .   D - +1 pair of gloves
Will    ++...                   g - +2 pair of boots
Stlth   ..........              u - amulet of guardian spirit
HPRegen 1.24/turn               p - +4 ring of evasion
MPRegen 0.08/turn               y - ring of protection from cold

@: strong-willed, regenerating, slowed, very slow
A: horns 2, retaliatory headbutt
a: Renounce Religion, Berserk, Trog's Hand, Brothers in Arms


You were on level 9 of the Dungeon.
You worshipped Trog.
Trog was greatly pleased with you.
You visited 1 branch of the dungeon, and saw 10 of its levels.
You also visited: Sewer.

You collected 568 gold pieces.

Inventory:

Hand Weapons
 a - a +1 antimagic battleaxe (weapon)
 b - a +0 hand axe of flaming
 z - a +0 war axe
Missiles
 c - 2 javelins
 j - 11 poisoned darts (quivered)
 v - 6 throwing nets
 J - a boomerang
Armour
 g - a +2 pair of boots (worn)
 m - a +0 chain mail
 D - a +1 pair of gloves (worn)
 E - a +3 scale mail (worn)
Jewellery
 p - a +4 ring of evasion (left hand)
 u - an amulet of guardian spirit (around neck)
 w - a ring of fire
 y - a ring of protection from cold (right hand)
 A - an amulet of reflection
 H - an amulet of regeneration
Wands
 i - a wand of digging (1)
 t - a wand of iceblast (3)
 F - a wand of flame (5)
Scrolls
 q - a scroll of holy word
 x - a scroll of acquirement
 B - 4 scrolls of teleportation
 G - a scroll of summoning {unknown}
Potions
 d - 2 potions of attraction
 e - 3 potions of degeneration {unknown}
 f - 2 potions of resistance
 h - a potion of might
 k - 3 potions of curing
 l - 6 potions of heal wounds
 n - 6 potions of mutation
 o - 2 potions of berserk rage {unknown}
 r - 2 potions of cancellation {unknown}
 s - 2 potions of haste {unknown}
 C - a potion of lignification {unknown}
Miscellaneous
 I - a piece from Xom's chessboard (15/15)


   Skills:
 - Level 8.0 Fighting
 + Level 15.4 Axes
 - Level 2.0 Throwing
 - Level 6.0 Armour
 - Level 4.0 Dodging
 - Level 2.0 Stealth
 - Level 4.0 Evocations


You had 9 spell levels left.
You didn't know any spells.
Your spell library was empty.

Dungeon Overview and Level Annotations

Branches:
Dungeon (10/15)            Temple (0/1) D:5            Lair (0/6) D:10
  Sewer (visited)
    Orc: D:9-12

Altars:
Ashenzari
Elyvilon
Fedhas
Hepliaklqana
Kikubaaqudgha
Makhleb
Ru
Sif Muna
Trog
Wu Jian
Xom
Yredelemnul
The Shining One

Shops:
D:4 :

Annotations:
D:9 Erica


Innate Abilities, Weirdness & Mutations

You have a pair of horns on your head.
You reflexively headbutt those who attack you in melee.


Message History

You are confused.
Things that are here:
a +0 trident; an orc corpse Unknown command.
Something hits you. Something burns you.
* * * LOW HITPOINT WARNING * * *
You're too confused to move!
Something hits you.
* * * LOW HITPOINT WARNING * * *
Something burns you.
* * * LOW HITPOINT WARNING * * *
Something barely misses you.
Unknown command.
You miss something.
You feel less confused. Something hits you.
* * * LOW HITPOINT WARNING * * *
Something burns you.
* * * LOW HITPOINT WARNING * * *
Unknown command.
You hit something. You headbutt something. Something hits you.
* * * LOW HITPOINT WARNING * * *
Something burns you.
* * * LOW HITPOINT WARNING * * *
Something hits you but does no damage.
Unknown command.
You miss something. Something barely misses you.
Unknown command.
You slash something! Something hits you!
* * * LOW HITPOINT WARNING * * *
Something burns you.
* * * LOW HITPOINT WARNING * * *
Something hits you!
* * * LOW HITPOINT WARNING * * *
Something burns you.
* * * LOW HITPOINT WARNING * * *
Unknown command.
Your skin crawls.
You feel strong-willed. Something hits you!
You die...

..........#.....#.
#...##....##....##
#####...##..))##....##
#.......#.....).......
#.......#.............
#.......#.............
#[......#.............
#..).##....##....##
##.@{.##....##....##
###..).)#....)......#.
#.......#.......<...#.
#.......'...........#.
#...(.#######.##....##
#.....# #.##....##
#.....# #.........
+..8..+ #.......>.
#..... #.........


There were no monsters in sight!

Vanquished Creatures
  Harold (D:10)
  A troll (D:10)
  A hornet (D:8)
  5 yaks (D:10)
  A wraith (D:10)
  A wyvern (D:10)
  A shadow (D:10)
  A steam dragon (D:7)
  An acid dragon (D:10)
  6 water moccasins
  An ice beast (D:7)
  2 sky beasts
  2 orc warriors
  A necrophage (D:5)
  6 centaurs
  An ogre (D:5)
  2 water moccasin zombies (D:5)
  6 scorpions
  A water moccasin skeleton (D:6)
  3 wights (D:9)
  2 electric eels (D:8)
  6 howler monkeys
  2 bullfrog zombies (D:5)
  2 hounds
  3 centaur zombies
  5 jellies
  2 orc priests
  A centaur skeleton (D:5)
  Jessica (D:2)
  5 iguanas
  A scorpion zombie (D:5)
  11 orc wizards
  A howler monkey zombie (D:9)
  3 gnolls (D:7)
  6 adders
  A river rat (Sewer)
  A shadow imp (D:5)
  An ufetubus (D:6)
  5 worms
  3 dart slugs
  39 orcs
  8 bats
  16 endoplasms
  4 giant cockroaches
  8 goblins
  8 hobgoblins
  8 jackals
  5 kobolds
  3 quokkas
  12 ball pythons
  6 frilled lizards
  16 rats
239 creatures vanquished.

Vanquished Creatures (others)
  12 plants
12 creatures vanquished.

Grand Total: 251 creatures vanquished

Notes
Turn   | Place    | Note
-------+----------+-------------------------------------------
     0 | D:1      | tilp the Minotaur Berserker began the quest for the Orb.
     0 | D:1      | Reached XP level 1. HP: 19/19 MP: 0/0
   222 | D:1      | Reached skill level 4 in Axes
   286 | D:1      | Reached XP level 2. HP: 14/27 MP: 1/1
   815 | D:1      | Reached ** piety under Trog
   942 | D:1      | Reached XP level 3. HP: 33/33 MP: 2/2
  1245 | D:2      | Reached skill level 5 in Axes
  1345 | D:2      | Found a faded altar of an unknown god.
  1612 | D:2      | Noticed Jessica
  1629 | D:2      | Killed Jessica
  1630 | D:2      | Reached XP level 4. HP: 17/40 MP: 3/3
  1925 | D:2      | Reached skill level 6 in Axes
  2669 | D:3      | Found a white marble altar of Elyvilon.
  2776 | D:3      | Found a burning altar of Makhleb.
  2903 | D:3      | Found a hazy altar of Hepliaklqana.
  3204 | D:4      | Reached XP level 5. HP: 46/46 MP: 4/4
  3206 | D:4      | Found Puih's Book Emporium.
  3350 | D:4      | Reached *** piety under Trog
  3410 | D:4      | Reached skill level 7 in Axes
  3847 | D:4      | Reached XP level 6. HP: 53/53 MP: 5/5
  3875 | D:4      | Found an ornate altar of the Wu Jian Council.
  3913 | D:5      | Entered Level 5 of the Dungeon
  3985 | D:5      | Reached skill level 5 in Fighting
  3997 | D:5      | Found a bloodstained altar of Trog.
  4049 | D:5      | Reached skill level 8 in Axes
  4068 | D:5      | Reached XP level 7. HP: 18/61 MP: 6/6
  4127 | D:5      | Found a glowing drain.
  4286 | Sewer    | Entered a sewer
  4394 | Sewer    | Reached skill level 9 in Axes
  4413 | Sewer    | Found a viscous altar of Jiyva.
  4639 | D:5      | Reached **** piety under Trog
  4723 | D:5      | Found a shimmering blue altar of Sif Muna.
  4731 | D:5      | Reached skill level 10 in Axes
  4781 | D:5      | Reached XP level 8. HP: 68/70 MP: 7/7
  4790 | D:5      | Found a staircase to the Ecumenical Temple.
  4870 | D:5      | Reached skill level 1 in Throwing
  4870 | D:5      | Reached skill level 1 in Evocations
  4873 | D:5      | Reached skill level 1 in Stealth
  6058 | D:6      | Found a glowing golden altar of the Shining One.
  6541 | D:6      | Found a sacrificial altar of Ru.
  6542 | D:6      | Found a blossoming altar of Fedhas.
  6685 | D:6      | Identified a scroll of acquirement
  6737 | D:7      | Reached skill level 5 in Armour
  6866 | D:7      | Reached skill level 11 in Axes
  6866 | D:7      | Reached XP level 9. HP: 47/78 MP: 5/8
  7351 | D:7      | Found a broken altar of Ashenzari.
  8595 | D:8      | Reached skill level 12 in Axes
  8791 | D:8      | Found a basalt altar of Yredelemnul.
  9170 | D:9      | You fall into a shaft and drop 1 floor!
  9170 | D:10     | Entered Level 10 of the Dungeon
  9184 | D:10     | Noticed a troll
  9199 | D:10     | Killed a troll
  9364 | D:10     | Noticed Harold
  9377 | D:10     | Killed Harold
  9378 | D:10     | Reached skill level 13 in Axes
  9378 | D:10     | Reached XP level 10. HP: 88/88 MP: 0/9
  9682 | D:10     | Found an ancient bone altar of Kikubaaqudgha.
  9695 | D:10     | Found a staircase to the Lair.
  9906 | D:10     | Reached skill level 14 in Axes
 10197 | D:10     | Found a shimmering altar of Xom.
 10639 | D:9      | Reached skill level 15 in Axes
 11054 | D:9      | Noticed Erica
 11070 | D:9      | Slain by Erica

Illustrated notes

Levels and vault maps discovered:
D:1:      sevenhm_arrival_forest_fort_small_4, layout_loops_ring
D:2:      layout_loops_ring, shapermc_ecumenical_altar_ellora,
          minmay_fractal_squares_5, uniq_jessica
D:3:      layout_rooms, amcnicky_altar_gilded, overflow_temple_1_default,
          mainiacjoe_overflow_surrounded_room
D:4:      layout_cave_pools, lemuel_coloured_pillars_altar, serial_shops, shop,
          chequers_serial_rivers_micro_e, minmay_misc_feat_four_crosses
D:5:      minmay_spotlight, layout_basic, mainiacjoe_overflow_chevrons,
          led_sif_book, minmay_temple_entry_arrows, portal_sewer_entry_a
D:6:      layout_loops_ring, lemuel_crystal_altar,
          gammafunk_temple_overflow_pools, grunt_decor_arrowhead,
          nicolae_concentric_dashed_squares_mild, chequers_serial_rivers_room_b,
          chequers_arboretum, minmay_strange_pillars, minmay_misc_feat_x
D:7:      layout_basic, ashenzari_altar_1, minivault_23
D:8:      layout_basic, mainiacjoe_overflow_24_doors, minivault_14
D:9:      layout_gridville, minmay_three_doors, uniq_erica
D:10:     layout_basic, mainiacjoe_overflow_tiny_flanked, kennysheep_mini,
          dpeg_oklobed_lair, lightli_orcish_oven, uniq_harold

Skill      XL: |  1  2  3  4  5  6  7  8  9 10 |
---------------+-------------------------------+-----
Axes           | 4 5 6 7 8 10 11 13 15 | 15.4
Fighting       | 4 5 6 8 |  8.0
Armour         | 3 4 5 6 |  6.0
Throwing       | 2 |  2.0
Evocations     | 2 4 |  4.0
Stealth        | 2 |  2.0
Dodging        | 3 4 |  4.0

Action                   |  1- 3 |  4- 6 |  7- 9 | 10-12 || total
-------------------------+-------+-------+-------+-------++-------
Melee: Hand axe          |    94 |    83 |       |       ||   177
       Headbutt          |    16 |    16 |    55 |    26 ||   113
       Punch             |     2 |     2 |     2 |     1 ||     7
       War axe           |       |    44 |   314 |    35 ||   393
       Battleaxe         |       |       |       |    67 ||    67
Invok: Berserk           |     1 |     3 |     4 |       ||     8
       Trog's Hand       |       |       |     3 |     1 ||     4
Evoke: Wand              |       |       |     5 |       ||     5
  Use: Scroll            |     1 |    11 |     5 |       ||    17
Armor: Animal skin       |     7 |       |       |       ||     7
       Ring mail         |     7 |       |       |       ||     7
       Scale mail        |    13 |    33 |       |    51 ||    97
       Chain mail        |       |    24 |   126 |       ||   150
Dodge: Dodged            |    60 |    60 |   168 |    94 ||   382
